 Dungeon Crawl Stone Soup version 0.29-a0-824-gd827844252 (webtiles) character file.

Game seed: 12457549786605816283

216 gobodom the Digger (level 5, -6/28 HPs)
             Began as a Gargoyle Earth Elementalist on July 11, 2022.
             Killed by divine providence
             ... invoked by an orc priest
              (14 damage)
             ... on level 4 of the Dungeon.
             The game lasted 00:07:54 (3147 turns).

gobodom the Digger (Gargoyle Earth Elementalist)    Turns: 3147, Time: 00:07:55

Health: -6/28      AC:  8    Str: 12    XL:     5   Next: 93%
Magic:  10/10      EV: 12    Int: 23    God:
Gold:   164        SH:  0    Dex: 10    Spells: 5/11 levels left

rFire   . . .      SeeInvis +   i - staff of conjuration
rCold   . . .      Faith    .   (no shield)
rNeg    + . .      Spirit   .   a - +0 robe
rPois   ∞          Reflect  .   (no helmet)
rElec   +          Harm     .   (no cloak)
rCorr   .          Rampage  .   m - +0 pair of gloves
Will    .....                   o - +0 pair of boots
Stlth   ++........              k - amulet of magic regeneration
HPRegen 0.09/turn               d - ring of see invisible
MPRegen 0.52/turn               l - +6 ring of intelligence

@: no status effects
A: sickness immunity, AC +4, negative energy resistance 1, electricity
resistance, torment resistance 1, petrification resistance
a: no special abilities


You were on level 4 of the Dungeon.
You visited 1 branch of the dungeon, and saw 4 of its levels.

You collected 164 gold pieces.

Inventory:

Hand Weapons
 n - a +3 dagger of flaming
 s - a +0 dagger of venom
Armour
 a - a +0 robe (worn)
 m - a +0 pair of gloves (worn)
 o - a +0 pair of boots (worn)
Magical Staves
 i - a staff of conjuration (weapon)
Jewellery
 d - a ring of see invisible (left hand)
 k - an amulet of magic regeneration (around neck)
 l - a +6 ring of intelligence (right hand)
 q - an amulet of the acrobat
Scrolls
 e - 2 scrolls of fear {unknown}
 f - a scroll of amnesia {unknown}
 g - 2 scrolls of poison {unknown}
 j - 2 scrolls of vulnerability {unknown}
 r - a scroll of teleportation {unknown}
 t - a scroll of silence {unknown}
Potions
 b - a potion of magic
 c - 2 potions of ambrosia
 h - 2 potions of curing
 p - 2 potions of degeneration {unknown}
 u - a potion of berserk rage {unknown}


   Skills:
 * Level 1.5 Staves
 + Level 1.6 Dodging
 + Level 2.8 Stealth
 + Level 3.5 Spellcasting
 * Level 2.1 Conjurations
 + Level 0.7 Transmutations
 + Level 4.9 Earth Magic
 * Level 0.8 Evocations


You had 5 spell levels left.
You knew the following spells:

 Your Spells              Type           Power      Damage    Failure   Level
a - Sandblast             Erth           52%        2d12      1%          1
b - Passwall              Tmut/Erth      14%        N/A       5%          2
c - Stone Arrow           Conj/Erth      60%        3d10      8%          3

Your spell library contained the following spells:

 Spells                   Type           Power      Damage    Failure   Level
 Petrify                  Tmut/Erth      17%        N/A       34%         4


Dungeon Overview and Level Annotations

Branches:
Dungeon (3/15)

Altars:
Hepliaklqana


Innate Abilities, Weirdness & Mutations

You are immune to sickness and miasma.
Your stone body is resilient. (AC +4)
You are immune to poison.
You resist negative energy. (rN+)
You are resistant to electric shocks. (rElec)
You are resistant to unholy torment.
You are immune to petrification.


Message History

The orc priest is moderately wounded.
The orc priest invokes the aid of Beogh against you.
Pain shoots through your body!
The orc priest hits you from afar with a +2 trident of protection.
The blast of sand hits the orc priest but does no damage.
The orc priest is moderately wounded.
The orc priest barely misses you. The orc priest closely misses you.
The blast of sand hits the orc priest but does no damage.
The orc priest is moderately wounded.
The orc priest casts a cantrip, but nothing happens.
The orc priest hits you but does no damage.
The blast of sand misses the orc. x2; The orc closely misses you.
The orc priest closely misses you. The orc closely misses you.
The orc priest barely misses you.
The blast of sand hits the orc.
The orc is lightly wounded.
The orc completely misses you.
The orc priest hits you from afar with a +2 trident of protection!
The orc misses you.
The orc priest looks satisfied for a moment.
You are too injured to fight recklessly!
You closely miss the orc.
The orc is lightly wounded.
The orc priest miscasts a cantrip.
The orc hits you but does no damage. The orc attacks as you move away!
The orc hits you with a +0 whip.
* * * LOW HITPOINT WARNING * * *
Your magic is already full.
The orc attacks as you move away! The orc barely misses you.
The orc priest looks encouraged for a moment.
Really walk into that dispersal trap?
You enter a dispersal trap!
The orc blinks!
The orc priest blinks! x3
You blink.
You start resting.
An orc priest is nearby!
The orc priest calls upon Beogh to heal something.
The orc priest calls down the wrath of Beogh upon you.
Beogh smites you!
Ouch! That really hurt!
You die...

###############
##.............#
###..............#
#....@≈≈≈≈≈≈≈≈≈..#
#.......≈.o.....≈..#
##......≈.#####.≈..#
#..#..#.≈.....#.≈..#
.. #...o≈.#._.#.≈..#
.. #....≈.#.....≈..#
.. #..#.≈.#####.≈.##
...##...o≈...^...≈.#
.....##o.≈.≈≈≈≈≈≈≈.#


You could see 2 orc priests and an orc.

Vanquished Creatures
  Jessica (D:2)
  8 gnolls
  5 adders
  A worm (D:2)
  A dart slug (D:1)
  2 orcs (D:3)
  4 ball pythons
  7 bats
  3 endoplasms
  3 giant cockroaches
  5 goblins
  5 hobgoblins
  4 kobolds
  6 quokkas
  4 frilled lizards
  5 rats
64 creatures vanquished.

Vanquished Creatures (others)
  A plant (D:2)
1 creature vanquished.

Grand Total: 65 creatures vanquished

Notes
Turn   | Place    | Note
-------+----------+-------------------------------------------
     0 | D:1      | gobodom the Gargoyle Earth Elementalist began the quest for
                  | the Orb.
     0 | D:1      | Reached XP level 1. HP: 10/10 MP: 3/3
   362 | D:1      | Reached skill level 4 in Earth Magic
   362 | D:1      | Reached XP level 2. HP: 15/15 MP: 1/5
   697 | D:1      | Reached XP level 3. HP: 19/19 MP: 1/6
  1495 | D:2      | Learned a level 2 spell: Passwall
  1499 | D:2      | Learned a level 3 spell: Stone Arrow
  1519 | D:2      | Reached XP level 4. HP: 24/24 MP: 8/8
  1952 | D:2      | Noticed Jessica
  1955 | D:2      | Killed Jessica
  1957 | D:2      | Reached skill level 1 in Conjurations
  2052 | D:2      | Found a faded altar of an unknown god.
  2085 | D:2      | Reached XP level 5. HP: 28/28 MP: 9/9
  2491 | D:3      | Reached skill level 1 in Staves
  3040 | D:3      | You fall into a shaft and drop 1 floor!
  3111 | D:4      | Found a hazy altar of Hepliaklqana.
  3147 | D:4      | Killed from afar by an orc priest

Illustrated notes

Levels and vault maps discovered:
D:1:      dpeg_arrival_triangle_fractal, layout_basic, serial_aquarium,
          aquarium_bridge_island_small [aquarium_subvault_small_open,
          aquarium_subvault_window, aquarium_subvault_bridge,
          aquarium_subvault_wall, aquarium_subvault_balcony], aquarium_window_1,
          aquarium_window_fake, aquarium_view_2c, minmay_misc_feat_rows,
          kennysheep_decorative_pillar
D:2:      layout_loops_corners, dreamdust_ecumenical_altar_grove,
          kennysheep_flooded_box, grunt_decor_mini_mirrors,
          nicolae_grassy_gnolls, uniq_jessica
D:3:      layout_basic, mainiacjoe_overflow_alcove_1
D:4:      cheibrodos_pilgrimage, layout_cave_pools,
          mainiacjoe_overflow_brackets, mainiacjoe_overflow_cross_hatched,
          nicolae_dithmenos_through_a_glass_darkly, dk_noncrumbling_2,
          uniq_sigmund

Skill      XL: |  1  2  3  4  5 |
---------------+----------------+-----
Earth Magic    | 4 |  4.9
Conjurations   | 1 2 |  2.1
Spellcasting   | 3 |  3.5
Staves         | 1 |  1.5
Dodging        | |  1.6
Stealth        | |  2.8
Transmutations | |  0.7
Evocations     | |  0.8

Action                   |  1- 3 |  4- 6 || total
-------------------------+-------+-------++-------
Melee: Unarmed           |     8 |       ||     8
       Staff             |     2 |    22 ||    24
       Punch             |     1 |       ||     1
 Cast: Sandblast         |    43 |    50 ||    93
  Use: Scroll            |       |     2 ||     2
 Stab: Sleeping          |     1 |       ||     1
Armor: Robe              |    17 |    12 ||    29
Dodge: Dodged            |    28 |    29 ||    57

Table legend: (Time is in decaauts)
 A = Elapsed time spent in this place.
 B = Non-inter-level travel time spent in this place.
 C = Inter-level travel time spent in this place.
 D = Time resting spent in this place.
 E = Time spent auto-exploring this place.
 F = Levels seen in this place.
 G = Mean time per level.
                   A        B        C        D        E       F      G
               +--------+--------+--------+--------+--------+-----+--------+
         Total |   3247 |   3181 |     66 |    148 |   2471 |   4 |  811.8 |
       Dungeon |   3247 |   3181 |     66 |    148 |   2471 |   4 |  811.8 |
               +--------+--------+--------+--------+--------+-----+--------+

Top non-repeatable levels by time:
     D:1: 1385 daAuts
     D:2: 1077 daAuts
     D:3: 666 daAuts
     D:4: 118 daAuts
